 Dungeon Crawl Stone Soup version 0.22.0-27-ga576289601 (webtiles) character file.

7627 MirrMurr the Cleaver (level 10, 0/92 HPs)
             Began as a Deep Dwarf Fighter on Aug 21, 2018.
             Was an Elder of Makhleb.
             Slain by a 13-headed hydra (5 damage)
             ... on level 11 of the Dungeon.
             The game lasted 00:18:52 (7720 turns).

MirrMurr the Cleaver (Deep Dwarf Fighter)           Turns: 7720, Time: 00:18:53

Health: 0/92       AC: 21    Str: 23    XL:     10   Next: 98%
Magic:  12/12      EV:  8    Int: 18    God:    Makhleb [****..]
Gold:   474        SH: 11    Dex: 12    Spells: 9/9 levels left

rFire    . . .     SeeInvis .   a - +1 war axe
rCold    + . .     Gourm    .   c - +0 shield
rNeg     + . .     Faith    .   v - +0 plate armour
rPois    .         Spirit   .   E - +1 helmet of Hunted {rElec rN+ MP-9 Int+9}
rElec    +         Reflect  .   o - +1 cloak
rCorr    .         Harm     .   l - +0 pair of gloves
MR       +....                  y - +0 pair of boots
Stlth    ..........             (no amulet)
HPRegen  0.00/turn              t - ring of protection from cold
MPRegen  0.13/turn              C - ring of magical power

@: non-regenerating
A: damage resistance, heal wounds, sense surroundings 2, no regeneration
a: Heal Wounds, Minor Destruction, Lesser Servant of Makhleb, Major Destruction,
Renounce Religion


You were on level 11 of the Dungeon.
You worshipped Makhleb.
Makhleb was greatly pleased with you.
You were not hungry.

You visited 2 branches of the dungeon, and saw 14 of its levels.

You collected 474 gold pieces.

Inventory:

Hand Weapons
 a - a +1 war axe (weapon)
 b - a +0 hunting sling
 q - a +0 blowgun
Missiles
 h - 336 stones (quivered)
 r - 18 poisoned needles
 w - 13 tomahawks
 A - 69 sling bullets
 B - 41 bolts
Armour
 c - a +0 shield (worn)
 l - a +0 pair of gloves (worn)
 o - a +1 cloak (worn)
 v - a +0 plate armour (worn)
 y - a +0 pair of boots (worn)
 E - the +1 helmet of Hunted (worn) {rElec rN+ MP-9 Int+9}
   (You found it on level 6 of the Dungeon)

   It affects your intelligence (+9).
   It insulates you from electricity.
   It protects you from negative energy.
   It affects your magic capacity (-9).
Jewellery
 t - a ring of protection from cold (left hand)
 C - a ring of magical power (right hand)
 K - a cursed amulet of inaccuracy {unknown}
Wands
 F - a wand of polymorph (11)
 H - a wand of iceblast (8)
Scrolls
 g - 2 scrolls of immolation
 m - 5 scrolls of teleportation
 x - 6 scrolls of remove curse
 D - a scroll of identify
 G - 3 scrolls of amnesia
 I - a scroll of blinking
 L - a scroll of fog
 M - a scroll of enchant weapon
 N - a scroll of fear
Potions
 d - 3 potions of heal wounds
 e - 3 potions of haste {unknown}
 i - 3 potions of mutation {unknown}
 j - a potion of ambrosia
 k - 3 potions of agility
 n - a potion of lignification {unknown}
 p - 2 potions of brilliance {unknown}
 s - 2 potions of degeneration {unknown}
 u - 3 potions of berserk rage {unknown}
 z - 4 potions of curing
 J - 3 potions of flight
Comestibles
 f - 14 rations
 O - 7 chunks of flesh


   Skills:
 + Level 6.7 Fighting
 * Level 10.7 Axes
 + Level 8.2 Armour
 + Level 7.2 Dodging
 + Level 8.2 Shields
 + Level 4.3 Invocations


You had 9 spell levels left.
You didn't know any spells.
Your spell library was empty.

Dungeon Overview and Level Annotations

Branches:
Dungeon (13/15)            Temple (1/1) D:4            Lair (0/6) D:9
    Orc: D:9-12      Vaults: D:13-14

Altars:
Ashenzari
Cheibriados
Dithmenos
Gozag
Hepliaklqana
Kikubaaqudgha
Makhleb
Nemelex Xobeh
Okawaru
Qazlal
Ru
Sif Muna
Trog
Uskayaw
Wu Jian
Xom
Yredelemnul
Zin

Shops:
D:4 =   D:5 (   D:8 :   D:11 *

Portals:
Trove: D:11 (give 8 potions of haste)


Innate Abilities, Weirdness & Mutations

You are resistant to damage.
You can heal yourself by infusing magical energy.
You passively map the area around you.
You do not regenerate.


Message History

* * * LOW HITPOINT WARNING * * *
You block the 12-headed hydra's attack. The 12-headed hydra bites you!
* * * LOW HITPOINT WARNING * * *
The 12-headed hydra bites you but does no damage. x3
The 12-headed hydra bites you. The 12-headed hydra barely misses you.
You hack one of the 12-headed hydra's heads off!
The 11-headed hydra grows two more!
You slash the 13-headed hydra!
The 13-headed hydra is heavily wounded.
You block the 13-headed hydra's attack.
The 13-headed hydra bites you but does no damage.
The 13-headed hydra bites you.
* * * LOW HITPOINT WARNING * * *
The 13-headed hydra bites you but does no damage.
The 13-headed hydra closely misses you.
The 13-headed hydra bites you but does no damage.
The 13-headed hydra bites you!
* * * LOW HITPOINT WARNING * * *
The 13-headed hydra bites you but does no damage.
The 13-headed hydra bites you!
You die...

# #........ , ,*
########..######*
*, ..........#
#.. ,,
#########.# #.#*
, ### #.# #.# ,
..# #.# #.# , #.#
#.# #.# *, #.#
#.####.#####.#
#.#
#.....oD@....#
#.#
######{#######
#####)########.#
.))(.).o))o..o.#
####.###########
#.# * #.# #.# #.#
*


You could see a 13-headed hydra and an orc warrior.

Vanquished Creatures
  A two-headed ogre (D:9)
  A cyclops (D:11)
  2 trolls (D:9)
  A hornet (D:9)
  A hippogriff (D:10)
  Sigmund (D:2)
  4 yaks (D:9)
  A water moccasin (D:7)
  7 orc warriors
  An ice beast (D:9)
  A sky beast (D:6)
  2 phantoms
  3 ogres
  A necrophage (D:6)
  3 wolves (D:9)
  5 centaurs
  A crocodile (D:10)
  3 big kobolds
  11 bullfrogs
  3 scorpions
  5 killer bees (D:8)
  3 electric eels (D:9)
  4 crimson imps
  A howler monkey (D:7)
  A bullfrog zombie (D:10)
  A quasit (D:8)
  A centaur zombie (D:6)
  2 jellies
  9 orc priests
  10 hounds
  8 orc wizards
  An iguana (D:8)
  3 worker ants
  A hound zombie (D:8)
  3 hound skeletons
  A howler monkey zombie (D:5)
  Robin (D:2)
  A howler monkey skeleton (D:8)
  11 adders
  2 shadow imps
  2 adder zombies
  An adder skeleton (D:10)
  A dart slug (D:3)
  A worm (D:5)
  8 leopard geckos
  30 orcs
  A ball python (D:8)
  3 giant cockroaches
  12 goblins
  8 hobgoblins
  16 jackals
  6 quokkas
  8 bats
  6 frilled lizards
  A jackal skeleton (D:4)
  A jackal zombie (D:5)
  18 kobolds
  3 rats
248 creatures vanquished.

Vanquished Creatures (others)
  An orc (D:9)
1 creature vanquished.

Grand Total: 249 creatures vanquished

Notes
Turn   | Place    | Note
-------+----------+-------------------------------------------
     0 | D:1      | MirrMurr the Deep Dwarf Fighter began the quest for the Orb.
     0 | D:1      | Reached XP level 1. HP: 20/20 MP: 1/1
   100 | D:1      | Reached XP level 2. HP: 24/27 MP: 2/2
   513 | D:1      | Reached XP level 3. HP: 28/33 MP: 3/3
   677 | D:1      | Reached skill level 1 in Dodging
   698 | D:1      | Reached skill level 3 in Axes
   854 | D:2      | Found an ornate altar of the Wu Jian Council.
   881 | D:2      | Noticed Robin
  1037 | D:2      | Killed Robin
  1037 | D:2      | Reached XP level 4. HP: 26/42 MP: 4/4
  1074 | D:2      | Noticed Sigmund
  1097 | D:2      | Killed Sigmund
  1097 | D:2      | Reached skill level 4 in Axes
  1097 | D:2      | Reached XP level 5. HP: 9/49 MP: 5/5
  1626 | D:3      | Found an opulent altar of Gozag.
  1742 | D:3      | Found a faded altar of an unknown god.
  2378 | D:4      | Reached XP level 6. HP: 50/56 MP: 5/5
  2386 | D:4      | Found a staircase to the Ecumenical Temple.
  2422 | Temple   | Entered the Ecumenical Temple
  2486 | Temple   | Became a worshipper of Makhleb the Destroyer
  2902 | D:4      | Found Qossodit's Jewellery Shoppe.
  2959 | D:5      | Entered Level 5 of the Dungeon
  3600 | D:5      | Found Woforaor's Antique Weapon Emporium.
  3617 | D:5      | Reached skill level 5 in Axes
  3651 | D:5      | Reached XP level 7. HP: 53/63 MP: 6/6
  3652 | D:5      | Found a hazy altar of Hepliaklqana.
  3839 | D:6      | Reached * piety under Makhleb
  3847 | D:6      | Reached skill level 5 in Armour
  3847 | D:6      | Reached skill level 5 in Shields
  3909 | D:6      | Got a blackened helmet
  3915 | D:6      | Identified the +1 helmet of Hunted {rElec rN+ MP-9 Int+9} (You found it on level 6 of the Dungeon)
  4077 | D:6      | Found a bloodstained altar of Trog.
  4078 | D:6      | Found an iron altar of Okawaru.
  4088 | D:6      | Found a shattered altar of Ashenzari.
  4088 | D:6      | Found a shadowy altar of Dithmenos.
  4203 | D:6      | Reached skill level 6 in Axes
  4528 | D:6      | Found a burning altar of Makhleb.
  4542 | D:6      | Reached XP level 8. HP: 48/72 MP: 7/7
  4779 | D:7      | Reached skill level 7 in Axes
  5198 | D:7      | Reached skill level 5 in Fighting
  5243 | D:7      | Found a hide-covered altar of Uskayaw.
  5243 | D:7      | Found an ancient bone altar of Kikubaaqudgha.
  5244 | D:7      | Found a stormy altar of Qazlal.
  5351 | D:8      | Reached ** piety under Makhleb
  5357 | D:8      | Gained mutation: You passively map the area around you. [Deep Dwarf growth]
  5357 | D:8      | Reached XP level 9. HP: 81/81 MP: 8/8
  5398 | D:8      | Reached skill level 8 in Axes
  5398 | D:8      | Reached skill level 5 in Dodging
  5519 | D:8      | Found a snail-covered altar of Cheibriados.
  5765 | D:8      | Found Dutoif Mesko's Book Shop.
  6066 | D:9      | Noticed a two-headed ogre
  6084 | D:9      | Killed a two-headed ogre
  6084 | D:9      | Reached skill level 9 in Axes
  6121 | D:9      | Noticed a troll
  6122 | D:9      | Reached *** piety under Makhleb
  6127 | D:9      | Killed a troll
  6127 | D:9      | Reached skill level 1 in Invocations
  6127 | D:9      | Reached XP level 10. HP: 50/91 MP: 9/9
  6243 | D:9      | Found the +4 robe of Augmentation {Str+4 Int+4 Dex+4}
  6497 | D:9      | Reached skill level 10 in Axes
  6559 | D:9      | Found a staircase to the Lair.
  6924 | D:10     | Entered Level 10 of the Dungeon
  6983 | D:9      | Paralysed by a hornet for 1 turns
  7083 | D:10     | Reached **** piety under Makhleb
  7255 | D:10     | You fall through a shaft for 3 floors!
  7392 | D:13     | Found a glowing silver altar of Zin.
  7447 | D:11     | Found a portal to a secret trove of treasure.
  7449 | D:11     | Noticed a cyclops
  7450 | D:11     | Found Sagh's Assorted Antiques.
  7463 | D:11     | Killed a cyclops
  7650 | D:11     | Noticed a cyan ugly thing
  7686 | D:11     | Noticed a six-headed hydra
  7720 | D:11     | Slain by a 13-headed hydra

Skill      XL: |  1  2  3  4  5  6  7  8  9 10 |
---------------+-------------------------------+-----
Dodging        | 1 2 3 4 6 7 |  7.2
Axes           | 3 4 5 6 7 9 10 | 10.7
Fighting       | 3 4 5 6 |  6.7
Armour         | 4 5 6 7 8 |  8.2
Shields        | 4 5 6 7 8 |  8.2
Invocations    | 1 4 |  4.3

Action                   |  1- 3 |  4- 6 |  7- 9 | 10-12 || total
-------------------------+-------+-------+-------+-------++-------
Melee: War axe           |   108 |   108 |   362 |   328 ||   906
 Fire: Hunting sling     |       |    74 |    82 |    23 ||   179
Invok: Lesser Servant of |       |       |       |     4 ||     4
 Abil: Heal Wounds       |       |     2 |     1 |     4 ||     7
  Use: Scroll            |     2 |     9 |     6 |       ||    17
       Potion            |       |     1 |       |       ||     1
  Eat: Chunk             |     1 |     8 |     5 |     6 ||    20
       Ration            |       |       |     1 |       ||     1
Armor: Scale mail        |    66 |    16 |       |       ||    82
       Plate armour      |       |    40 |   250 |   143 ||   433
Dodge: Dodged            |    40 |    22 |   110 |    80 ||   252
Block: Shield            |    72 |    63 |   258 |   173 ||   566
